 Dungeon Crawl Stone Soup version 0.30-a0-726-gd89dcf765f (webtiles) character file.

Game seed: 7932551574893112375

553 scionoferis the Shooter (level 6, 0/46 HPs)
             Began as a Demigod Hexslinger on Jan 29, 2023.
             Slain by an orc priest
             ... wielding a +0 club
              (3 damage)
             ... on level 5 of the Dungeon.
             The game lasted 00:08:19 (3566 turns).

scionoferis the Shooter (Demigod Hexslinger)        Turns: 3566, Time: 00:08:20

Health: 0/46       AC:  6    Str: 11    XL:     6   Next: 80%
Magic:  10/10      EV: 13    Int: 13    God:
Gold:   188        SH:  0    Dex: 28    Spells: 6/7 levels left

rFire   . . .      SeeInvis .    a - +0 shortbow
rCold   . . .      Faith    .    (shield currently unavailable)
rNeg    . . .      Spirit   .    s - +1 ring mail {rPois}
rPois   +          Reflect  .    (no helmet)
rElec   .          Harm     .    (no cloak)
rCorr   +          Rampage  .    (no gloves)
Will    .....                    (no boots)
Stlth   +++                      (no amulet)
HPRegen 0.27/turn                n - +6 ring of dexterity
MPRegen 0.12/turn                q - ring of resist corrosion

@: flying, hasted, very quick
A: high MP 1, forlorn, divine attributes, dopey 1, no potion heal 1
a: no special abilities


You were on level 5 of the Dungeon.
You visited 1 branch of the dungeon, and saw 5 of its levels.

You collected 188 gold pieces.


Innate Abilities, Weirdness & Mutations

You have an increased reservoir of magic. (+10% MP)
You shall have no god before yourself.
Your divine heritage dramatically boosts your attributes as you level up.
You are dopey. (Int -2)
Potions are less effective at restoring your health.


   Skills:
 - Level 0.8 Fighting
 * Level 5.1 Ranged Weapons
 + Level 3.8 Dodging
 + Level 3.4 Stealth
 - Level 1.0 Spellcasting
 - Level 2.6 Hexes


You had 6 spell levels left.
You knew the following spells:

 Your Spells              Type           Power      Damage    Failure   Level
a - Slow                  Hex            28%        N/A       22%         1

Your spell library contained the following spells:

 Spells                   Type           Power      Damage    Failure   Level
 Beastly Appendage        Tmut           0%         N/A       56%         1
 Wereblood                Tmut           0%         N/A       71%         2
 Inner Flame              Hex/Fire       4%         N/A       75%         3
 Portal Projectile        Hex/Tloc       8%         N/A       75%         3
 Hailstorm                Conj/Ice       0%         3d3       90%         3
 Spider Form              Tmut/Pois      0%         N/A       90%         3
 Cause Fear               Hex            3%         N/A       92%         4
 Ice Form                 Ice/Tmut       0%         N/A       100%        4
 Simulacrum               Ice/Necr       0%         N/A       100%        6
 Malign Gateway           Summ/Tloc      0%         N/A       100%        7
 Summon Horrible Things   Summ           0%         N/A       100%        8

Inventory:

Hand Weapons
 a - a +0 shortbow (weapon)
   (You took it off a centaur on level 4 of the Dungeon)
Missiles
 m - 2 throwing nets
Armour
 c - a +0 robe
 s - a +1 ring mail of poison resistance (worn)
   (You took it off an orc on level 4 of the Dungeon)
Jewellery
 n - a +6 ring of dexterity (left hand)
   (You found it on level 3 of the Dungeon)
 q - a ring of resist corrosion (right hand)
   (You found it on level 4 of the Dungeon)
Scrolls
 b - 2 scrolls of poison
 d - 2 scrolls of amnesia
 f - a scroll of immolation {unknown}
 g - a scroll of noise {unknown}
 h - 2 scrolls of teleportation {unknown}
 i - 2 scrolls of enchant armour {unknown}
 k - 2 scrolls of identify {unknown}
 o - a scroll of fear {unknown}
 p - a scroll of blinking {unknown}
Potions
 e - 4 potions of curing
 l - 2 potions of mutation

Dungeon Overview and Level Annotations

Branches:
Dungeon (5/15)
 Temple: D:4-7

Annotations:
D:4 Dowan, Duvessa, Sigmund

###########
#.........#
#.........##
#...........
#...........
#............
#..o@h........
#..oo..........
#...............
###'######..
#.......############
#...................
#...................
#...........[.......
#..(....##...# #o###


You could see a hound, 2 orc priests and an orc.


Message History

You kill the giant cockroach!
No target in view!
No target in view!
You see here a +0 club.
A ball python comes into view.
You shoot a sling bullet. The ball python hisses angrily.
The sling bullet hits the ball python.
You kill the ball python!
No target in view!
No target in view!
Found a stone staircase leading down.
There is a stone staircase leading down here.
You open the door.
There is an open door here.
You now have 24 gold pieces (gained 9).
There is an open door here.
Found a robe.
A rat comes into view.
You shoot a sling bullet. The sling bullet hits the rat.
You kill the rat!
No target in view!
No target in view!
e - 2 coppery potions (gained 1)
j - an inky potion You open the door.
There is an open door here.
Found a stone staircase leading up.
A hobgoblin comes into view.
You shoot a sling bullet.
The sling bullet closely misses the hobgoblin.
You shoot a sling bullet.
The sling bullet hits the hobgoblin but does no damage.
You shoot a sling bullet. The sling bullet hits the hobgoblin.
The hobgoblin is severely wounded.
You shoot a sling bullet. The sling bullet hits the hobgoblin.
You kill the hobgoblin!
No target in view!
No target in view!
There is a stone staircase leading up here.
Found 7 stones.
You see here 7 stones.
There is an open door here.
You open the door.
There is an open door here.
A giant cockroach comes into view.
You shoot a sling bullet.
The sling bullet hits the giant cockroach.
The giant cockroach is severely wounded.
The giant cockroach waves its antennae.
You shoot a sling bullet.
The sling bullet hits the giant cockroach!
You kill the giant cockroach!
No target in view!
No target in view!
No target in view!
Found a stone staircase leading down.
A worm and a kobold come into view.
You shoot a sling bullet. The sling bullet hits the worm.
The worm is lightly wounded.
You shoot a sling bullet.
The sling bullet barely misses the worm.
You shoot a sling bullet. The sling bullet hits the worm!
The worm is heavily wounded.
You shoot a sling bullet. The sling bullet hits the worm.
The worm is severely wounded.
You shoot a sling bullet.
The sling bullet hits the worm but does no damage.
The worm is severely wounded.
You shoot a sling bullet. The sling bullet hits the worm.
The worm is almost dead.
You shoot a sling bullet.
The sling bullet barely misses the worm.
You shoot a sling bullet. The sling bullet hits the worm.
The worm is severely wounded.
The worm misses you.
You shoot a sling bullet. The sling bullet hits the worm.
You kill the worm!
No target in view!
You shoot a sling bullet. The sling bullet hits the kobold.
The kobold is severely wounded.
You shoot a sling bullet. The sling bullet hits the kobold.
You kill the kobold!
No target in view!
h - 2 scrolls labelled DASOET ENIA (gained 1)
A ball python comes into view.
You shoot a sling bullet. The ball python hisses angrily.
The sling bullet hits the ball python but does no damage.
You shoot a sling bullet. The sling bullet hits the ball python!
You kill the ball python!
No target in view!
No target in view!
No target in view!
A rat comes into view.
You shoot a sling bullet. The sling bullet hits the rat.
You kill the rat!
No target in view!
No target in view!
You see here a rat corpse.
k - a scroll labelled YLAXO PAC BEJI A bat comes into view.
You shoot a sling bullet. The sling bullet hits the bat!
You kill the bat!
No target in view!
No target in view!
You see here a bat corpse.
A rat comes into view.
You see here a green potion.
You shoot a sling bullet. The sling bullet hits the rat.
You kill the rat!
No target in view!
No target in view!
l - a green potion A quokka comes into view.
You shoot a sling bullet. The sling bullet hits the quokka.
The quokka is severely wounded.
You shoot a sling bullet. The sling bullet hits the quokka!
You kill the quokka!
No target in view!
No target in view!
Found a stone staircase leading down.
A goblin comes into view. It is wielding a +0 dagger.
The goblin shouts!
You shoot a sling bullet. The sling bullet hits the goblin.
You kill the goblin!
No target in view!
No target in view!
There is a stone staircase leading down here.
You open the door.
There is an open door here.
You now have 40 gold pieces (gained 16).
You see here a +0 club.
Found a stone staircase leading up.
l - 3 green potions (gained 2)
Found 7 stones.
You see here 7 stones.
An endoplasm comes into view.
The endoplasm quivers.
You shoot a sling bullet. The sling bullet hits the endoplasm.
The endoplasm is lightly wounded.
The endoplasm freezes you.
You are frozen.
You shoot a sling bullet. The sling bullet hits the endoplasm.
You kill the endoplasm!
No target in view!
No target in view!
A kobold comes into view. It is wielding a +0 short sword.
The kobold shouts!
You shoot a sling bullet. The sling bullet hits the kobold!
You kill the kobold!
No target in view!
No target in view!
Done exploring.
There is a stone staircase leading down here.
Search for what [Enter for "d:", or ? for help]? d: You climb downwards.
Found 2 throwing nets.
Found an escape hatch in the ceiling.
There is a stone staircase leading up here.
You shoot a sling bullet. The sling bullet hits the ball python.
You kill the ball python!
You have reached level 4!
m - 2 throwing nets
Found a scale mail.
A quokka comes into view.
Found a stone staircase leading up.
You shoot a sling bullet.
The sling bullet barely misses the quokka.
You shoot a sling bullet.
The sling bullet barely misses the quokka.
You shoot a sling bullet. The sling bullet hits the quokka.
You kill the quokka!
No target in view!
No target in view!
You now have 52 gold pieces (gained 12).
A ball python comes into view.
You shoot a sling bullet. The sling bullet hits the ball python.
You kill the ball python!
No target in view!
No target in view!
No target in view!
You see here a ball python corpse.
Found a stone staircase leading down.
A frilled lizard comes into view.
There is a stone staircase leading down here.
You shoot a sling bullet.
The sling bullet hits the frilled lizard.
You kill the frilled lizard!
No target in view!
No target in view!
An endoplasm comes into view.
You shoot a sling bullet. The sling bullet hits the endoplasm!
You kill the endoplasm!
No target in view!
No target in view!
You now have 57 gold pieces (gained 5).
An adder comes into view.
You shoot a sling bullet. The sling bullet hits the adder.
The adder hisses angrily.
The adder is moderately wounded.
You shoot a sling bullet.
The sling bullet closely misses the adder.
You shoot a sling bullet.
The sling bullet closely misses the adder.
You shoot a sling bullet. The sling bullet hits the adder.
The adder is moderately wounded.
The adder bites you but does no damage.
You shoot a sling bullet.
The sling bullet barely misses the adder.
The adder completely misses you. x2
You shoot a sling bullet. The sling bullet hits the adder.
The adder is severely wounded.
The adder closely misses you.
You shoot a sling bullet. The sling bullet hits the adder.
You kill the adder!
No target in view!
No target in view!
No target in view!
i - 2 scrolls labelled LIWILE TY WYTE (gained 1)
You now have 62 gold pieces (gained 5).
An orc comes into view. It is wielding a +0 war axe.
You shoot a sling bullet.
The sling bullet hits the orc but does no damage.
The orc shouts!
You shoot a sling bullet. The sling bullet hits the orc.
The orc is lightly wounded.
You shoot a sling bullet. The sling bullet hits the orc.
The orc is severely wounded.
The orc closely misses you.
You shoot a sling bullet. The sling bullet barely misses the orc.
The orc closely misses you.
You shoot a sling bullet.
The sling bullet hits the orc but does no damage.
The orc is severely wounded.
The orc closely misses you.
You shoot a sling bullet. The sling bullet barely misses the orc.
The orc closely misses you. x2
You shoot a sling bullet.
The sling bullet hits the orc but does no damage.
The orc is severely wounded.
The orc hits you with a +0 war axe!
You shoot a sling bullet. The sling bullet hits the orc.
You kill the orc!
No target in view!
HP restored.
Things that are here:
a +0 war axe; a +0 chain mail You now have 78 gold pieces (gained 16).
Found a stone staircase leading down.
An endoplasm comes into view.
You shoot a sling bullet. The sling bullet hits the endoplasm.
The endoplasm quivers.
The endoplasm is heavily wounded.
You shoot a sling bullet. The sling bullet hits the endoplasm.
You kill the endoplasm!
No target in view!
No target in view!
A giant cockroach comes into view.
You shoot a sling bullet.
The sling bullet hits the giant cockroach but does no damage.
You shoot a sling bullet.
The sling bullet hits the giant cockroach.
The giant cockroach is severely wounded.
You shoot a sling bullet.
The sling bullet hits the giant cockroach.
The giant cockroach is severely wounded.
You shoot a sling bullet.
The sling bullet hits the giant cockroach but does no damage.
The giant cockroach is severely wounded.
You shoot a sling bullet.
The sling bullet hits the giant cockroach but does no damage.
The giant cockroach is severely wounded.
The giant cockroach barely misses you. The giant cockroach closely misses you.
You shoot a sling bullet.
The sling bullet hits the giant cockroach.
You kill the giant cockroach!
No target in view!
Found a stone staircase leading down.
You now have 92 gold pieces (gained 14).
You now have 107 gold pieces (gained 15).
A rat comes into view.
You shoot a sling bullet.
The sling bullet hits the rat but does no damage.
An endoplasm comes into view.
You shoot a sling bullet. The endoplasm quivers.
The sling bullet hits the endoplasm!
You kill the endoplasm!
You shoot a sling bullet. The sling bullet hits the rat!
You kill the rat!
No target in view!
A jelly comes into view.
You shoot a sling bullet. The sling bullet hits the jelly.
The jelly quivers.
The jelly is moderately wounded.
You hear an angry hiss.
You shoot a sling bullet. The sling bullet hits the jelly!
The jelly is severely wounded.
You shoot a sling bullet. The sling bullet hits the jelly.
The jelly is almost dead.
A frilled lizard comes into view.
You shoot a sling bullet.
The sling bullet misses the frilled lizard.
You shoot a sling bullet.
The sling bullet hits the frilled lizard.
You kill the frilled lizard!
You shoot a sling bullet.
The sling bullet barely misses the jelly.
You shoot a sling bullet. The sling bullet hits the jelly.
You kill the jelly!
Your Stealth skill increases to level 2!
No target in view!
You see here a frilled lizard corpse.
You see here a rat corpse.
You now have 117 gold pieces (gained 10).
A kobold comes into view. It is wielding a +0 club.
You shoot a sling bullet.
The sling bullet hits the kobold but does no damage.
The kobold shouts!
The kobold throws a stone.
The stone closely misses you.
You shoot a sling bullet. The sling bullet misses the kobold.
You shoot a sling bullet.
The sling bullet barely misses the kobold.
You shoot a sling bullet.
The sling bullet closely misses the kobold.
You shoot a sling bullet.
The sling bullet barely misses the kobold.
The kobold throws a stone.
The stone closely misses you.
The kobold throws a stone.
The stone barely misses you.
You shoot a sling bullet.
The sling bullet hits the kobold but does no damage.
You shoot a sling bullet. The sling bullet hits the kobold.
The kobold is severely wounded.
You shoot a sling bullet.
The sling bullet closely misses the kobold.
The kobold closely misses you.
You shoot a sling bullet. The sling bullet hits the kobold.
You kill the kobold!
No target in view!
Found 3 stones.
You now have 125 gold pieces (gained 8).
b - 2 scrolls of poison (gained 1)
There is a stone staircase leading down here.
A ball python comes into view.
You shoot a sling bullet. The ball python hisses angrily.
The sling bullet hits the ball python!
You kill the ball python!
No target in view!
No target in view!
Found an escape hatch in the floor.
A bat comes into view.
You see here a ball python corpse.
You shoot a sling bullet. The sling bullet hits the bat.
You kill the bat!
No target in view!
No target in view!
Found a hand axe.
Found a stone staircase leading up.
No target in view!
An endoplasm comes into view.
You shoot a sling bullet. The sling bullet hits the endoplasm.
The endoplasm quivers.
The endoplasm is moderately wounded.
You shoot a sling bullet. The sling bullet hits the endoplasm!
You kill the endoplasm!
No target in view!
No target in view!
No target in view!
n - a +6 ring of dexterity You feel agile.
n - a +6 ring of dexterity (left hand)
Found a leather armour.
A quokka comes into view.
You shoot a sling bullet. The sling bullet hits the quokka!
You kill the quokka!
No target in view!
No target in view!
Found a faded altar of an unknown god.
There is a faded altar of an unknown god here.
There is a stone staircase leading up here.
There is a stone staircase leading up here.
You see here a ball python corpse.
A rat comes into view.
Found a shadowy altar of Dithmenos.
A rat is nearby!
You shoot a sling bullet. The sling bullet hits the rat.
You kill the rat!
No target in view!
No target in view!
No target in view!
Done exploring.
Search for what [Enter for "d:", or ? for help]? d:
There is a stone staircase leading down here.
You climb downwards.
There is a stone staircase leading up here.
You climb upwards.
There is a stone staircase leading down here.
There is a stone staircase leading down here.
You climb downwards.
Level annotation: Sigmund
Found a book of Changes.
There is a stone staircase leading up here.
Press: ? - help, v - describe, . - travel A stone staircase leading up.
Unknown command.
You pick up a book of Changes and begin reading...
You add the spells Beastly Appendage, Wereblood and Spider Form to your library.
You now have 144 gold pieces (gained 19).
An orc wizard comes into view. It is wielding a +0 dagger.
You shoot a sling bullet. The sling bullet hits the orc wizard.
The orc wizard shouts!
The orc wizard is moderately wounded.
You shoot a sling bullet. The sling bullet hits the orc wizard!
The orc wizard is severely wounded.
You hear a shout!
The orc wizard casts a spell at you. You resist with some effort.
An orc comes into view. It is wielding a +0 dagger.
An orc comes into view. It is wielding a +0 club.
You shoot a sling bullet. The orc shouts!
The sling bullet hits the orc.
The orc is moderately wounded.
You shoot a sling bullet. The sling bullet hits the orc wizard.
You kill the orc wizard!
You have reached level 5!
You shoot a sling bullet.
The sling bullet hits the orc but does no damage.
The orc is lightly wounded.
You shoot a sling bullet. The sling bullet hits the orc!
You kill the orc!
You shoot a sling bullet.
The sling bullet hits the orc but does no damage.
You shoot a sling bullet. The sling bullet hits the orc.
The orc is severely wounded.
The orc barely misses you.
You shoot a sling bullet.
The sling bullet hits the orc but does no damage.
The orc is severely wounded.
The orc hits you but does no damage.
You shoot a sling bullet. The sling bullet hits the orc!
You kill the orc!
No target in view!
You see here a +0 club.
A worm comes into view.
You shoot a sling bullet.
The sling bullet barely misses the worm.
The worm bites you.
You shoot a sling bullet. The sling bullet hits the worm.
The worm is moderately wounded.
The worm bites you.
You shoot a sling bullet. The sling bullet hits the worm.
The worm is heavily wounded.
You shoot a sling bullet. The sling bullet hits the worm!
You kill the worm!
No target in view!
No target in view!
HP restored.
Found a chain mail.
You now have 149 gold pieces (gained 5).
Things that are here:
a +0 dagger; an orc corpse
Found a club.
You now have 155 gold pieces (gained 6).
A quokka comes into view.
You see here a scroll labelled BOTYKE YNEONT.
You shoot a sling bullet.
The sling bullet hits the quokka but does no damage.
You shoot a sling bullet.
The sling bullet barely misses the quokka.
You shoot a sling bullet.
The sling bullet barely misses the quokka.
You shoot a sling bullet.
The sling bullet barely misses the quokka.
You shoot a sling bullet.
The sling bullet barely misses the quokka.
The quokka barely misses you.
The quokka bites you but does no damage.
You shoot a sling bullet. The sling bullet hits the quokka!
You kill the quokka!
No target in view!
o - a scroll labelled BOTYKE YNEONT
Things that are here:
a +0 club; a quokka corpse An orc comes into view.
It is wielding a +0 falchion.
You shoot a sling bullet.
The sling bullet hits the orc but does no damage.
The orc shouts!
You shoot a sling bullet.
The sling bullet hits the orc but does no damage.
You shoot a sling bullet. The sling bullet hits the orc.
The orc is lightly wounded.
The orc jeers loudly.
You shoot a sling bullet.
The sling bullet closely misses the orc.
You shoot a sling bullet.
The sling bullet closely misses the orc.
The orc hits you with a +0 falchion. x2
You shoot a sling bullet.
The sling bullet hits the orc but does no damage.
The orc is lightly wounded.
The orc hits you with a +0 falchion.
You shoot a sling bullet. The sling bullet barely misses the orc.
The orc closely misses you.
You shoot a sling bullet. The sling bullet hits the orc!
You kill the orc!
No target in view!
No target in view!
A giant cockroach comes into view.
You shoot a sling bullet.
The sling bullet hits the giant cockroach!
You kill the giant cockroach!
No target in view!
No target in view!
Found a dagger.
Found 6 stones.
Found an escape hatch in the floor.
A quokka comes into view.
You shoot a sling bullet. The sling bullet hits the quokka!
You kill the quokka!
No target in view!
No target in view!
You see here a quokka corpse.
e - 3 coppery potions (gained 1)
A goblin comes into view. It is wielding a +0 dagger.
You shoot a sling bullet. The sling bullet hits the goblin!
You kill the goblin!
No target in view!
No target in view!
Found a stone staircase leading down.
A scorpion comes into view.
You shoot a sling bullet.
The sling bullet barely misses the scorpion.
You shoot a sling bullet.
The sling bullet hits the scorpion but does no damage.
The scorpion barely misses you.
You shoot a sling bullet. The sling bullet hits the scorpion.
The scorpion is lightly wounded.
The scorpion misses you. The scorpion stings you.
You shoot a sling bullet.
The sling bullet hits the scorpion but does no damage.
The scorpion is lightly wounded.
The scorpion misses you.
You shoot a sling bullet. The sling bullet hits the scorpion.
The scorpion is moderately wounded.
The scorpion barely misses you.
You shoot a sling bullet. The sling bullet hits the scorpion!
The scorpion is severely wounded.
The scorpion completely misses you. The scorpion stings you.
You shoot a sling bullet.
The sling bullet barely misses the scorpion.
The scorpion barely misses you.
You shoot a sling bullet. The sling bullet hits the scorpion!
You kill the scorpion!
Your Ranged Weapons skill increases to level 4!
Your Dodging skill increases to level 3!
No target in view!
You see here a scorpion corpse.
p - a scroll labelled YTUGOENOTA You see here a scorpion corpse.
You now have 166 gold pieces (gained 11).
Found a stone staircase leading up.
Found a stone staircase leading down.
Found a dagger.
There is a stone staircase leading down here.
A kobold comes into view. It is wielding a +0 club.
You shoot a sling bullet. The sling bullet hits the kobold.
You kill the kobold!
No target in view!
No target in view!
You see here a +0 club.
q - a ring of resist corrosion
q - a ring of resist corrosion (right hand) Duvessa and Dowan come into view.
Duvessa is wielding a +0 short sword and wearing a +0 leather armour of cold resistance.
Dowan shouts!
Duvessa shouts!
You hear a shout!
Dowan drinks a potion.
Dowan's spells are empowered!
Dowan points at you and mumbles some strange words.
You are outlined in light.
Dowan casts a spell at you. The puff of flame hits you!
Press: ? - help, v - describe, . - travel
Here: Dowan, wielding a +0 dagger and wearing a +0 robe (spells empowered)
The floor.
Dowan gestures at you while chanting. The puff of frost hits you!
Dowan smirks and points a slender finger.
You see here a +0 club.
You are no longer glowing.
Dowan seems less brilliant.
Dowan points at something and mumbles some strange words.
There is a stone staircase leading down here.
You climb downwards.
Found 7 stones and a scroll labelled YLAXO PAC BEJI.
There is a stone staircase leading up here.
You start resting.
HP restored.
k - 2 scrolls labelled YLAXO PAC BEJI (gained 1)
Found a stone staircase leading up.
Found a ring mail.
You open the door.
An orc and an orc priest come into view.
There is an open door here.
Fire: a) +1 sling
Press: ? - help, Q - select action, (/) - cycle Shift-Dir - straight line, f - orc priest
Aim: an orc priest, wielding a +0 club (asleep, 98% to hit)
You shoot a sling bullet.
The sling bullet hits the orc priest but does no damage.
The orc priest shouts!
The orc shouts!
You hear a shout!
Fire: a) +1 sling
Press: ? - help, Q - select action, (/) - cycle Shift-Dir - straight line, f/p - orc priest
Aim: an orc priest, wielding a +0 club (65% to hit)
You shoot a sling bullet. The sling bullet hits the orc priest.
The orc priest is lightly wounded.
An orc priest comes into view. It is wielding a +0 club.
Fire: a) +1 sling
Press: ? - help, Q - select action, (/) - cycle Shift-Dir - straight line, f/p - orc priest
Aim: an orc priest, wielding a +0 club (65% to hit)
You shoot a sling bullet. The sling bullet hits the orc priest.
The orc priest is moderately wounded.
The orc priest calls down the wrath of Beogh upon you.
Pain shoots through your body!
The orc priest casts a cantrip, but nothing happens.
There is a stone staircase leading up here.
Fire: a) +1 sling
Press: ? - help, Q - select action, (/) - cycle Shift-Dir - straight line, f/p - orc priest
Aim: an orc priest, wielding a +0 club (moderately wounded, 65% to hit)
You shoot a sling bullet. The sling bullet hits the orc priest.
The orc priest is moderately wounded.
Fire: a) +1 sling
Press: ? - help, Q - select action, (/) - cycle Shift-Dir - straight line, f/p - orc priest
Aim: an orc priest, wielding a +0 club (moderately wounded, 65% to hit)
You shoot a sling bullet.
The sling bullet barely misses the orc priest.
The sling bullet hits the orc.
The orc is moderately wounded.
The orc priest invokes the aid of Beogh against you.
Beogh smites you!
The orc priest calls upon Beogh to heal the orc.
The orc's wounds heal themselves!
You climb upwards.
Level annotation: Dowan, Duvessa, Sigmund
There is a stone staircase leading down here.
You start resting.
HP restored.
A hobgoblin comes into view.
You shoot a sling bullet.
The sling bullet hits the hobgoblin but does no damage.
The hobgoblin shouts!
You shoot a sling bullet.
The sling bullet barely misses the hobgoblin.
You shoot a sling bullet. The sling bullet hits the hobgoblin!
You kill the hobgoblin!
No target in view!
No target in view!
No target in view!
There is a stone staircase leading down here.
Found a leather armour.
A ball python comes into view.
Found a coppery potion.
You shoot a sling bullet. The sling bullet hits the ball python.
The ball python hisses angrily.
The ball python is severely wounded.
You hear an angry hiss.
An iguana comes into view.
You shoot a sling bullet.
The sling bullet barely misses the ball python.
The ball python barely misses you. The ball python misses you.
You shoot a sling bullet. The sling bullet hits the ball python.
You kill the ball python!
A dart slug comes into view.
You shoot a sling bullet. The sling bullet hits the iguana.
The iguana is lightly wounded.
The iguana bites you.
You shoot a sling bullet. The sling bullet hits the iguana.
The iguana is heavily wounded.
The iguana barely misses you.
The iguana hisses menacingly.
The iguana misses you.
You shoot a sling bullet.
The sling bullet closely misses the iguana.
The iguana closely misses you.
You shoot a sling bullet.
The sling bullet closely misses the iguana.
The iguana barely misses you.
You shoot a sling bullet. The sling bullet hits the iguana!
You kill the iguana!
You shoot a sling bullet. The sling bullet hits the dart slug!
The dart slug is severely wounded.
The dart slug bites you.
You shoot a sling bullet. The sling bullet hits the dart slug.
You kill the dart slug!
No target in view!
You now have 175 gold pieces (gained 9).
You see here a dart slug corpse.
e - 4 coppery potions (gained 1)
e - 5 coppery potions (gained 1)
r - a dark potion A ball python comes into view.
You shoot a sling bullet. The sling bullet hits the ball python.
You kill the ball python!
An adder comes into view.
You shoot a sling bullet. The sling bullet hits the adder.
The adder is moderately wounded.
The adder bites you but does no damage.
You shoot a sling bullet. The sling bullet hits the adder!
You kill the adder!
You see here an adder corpse.
An orc comes into view.
It is wielding a +0 short sword and wearing a +1 ring mail of poison resistance.
You shoot a sling bullet. The sling bullet hits the orc!
You kill the orc!
No target in view!
No target in view!
Things that are here:
a +0 short sword; a +1 ring mail of poison resistance
s - a +1 ring mail of poison resistance You start removing your armour.
You continue taking off your +0 robe. x4
You finish taking off your +0 robe.
You start putting on your armour.
You continue putting on your +1 ring mail of poison resistance. x5
You finish putting on your +1 ring mail of poison resistance.
You feel resistant to poison.
You see here a +0 short sword.
A howler monkey comes into view.
The howler monkey howls!
The howler monkey hoots and howls with incredible vigour!
You hear a shout!
You shoot a sling bullet.
The sling bullet barely misses the howler monkey.
The howler monkey hits you but does no damage.
You shoot a sling bullet.
The sling bullet barely misses the howler monkey.
The howler monkey hits you but does no damage.
You shoot a sling bullet.
The sling bullet closely misses the howler monkey.
The howler monkey barely misses you. The howler monkey hits you.
You shoot a sling bullet.
The sling bullet closely misses the howler monkey.
The howler monkey hits you.
You shoot a sling bullet.
The sling bullet hits the howler monkey!
The howler monkey is heavily wounded.
The howler monkey closely misses you. The howler monkey barely misses you.
You shoot a sling bullet.
The sling bullet hits the howler monkey.
The howler monkey is severely wounded.
The howler monkey hits you.
You shoot a sling bullet.
The sling bullet closely misses the howler monkey.
The howler monkey hits you.
The howler monkey hits you but does no damage.
You shoot a sling bullet.
The sling bullet hits the howler monkey.
The howler monkey is severely wounded.
The howler monkey hoots and howls with incredible vigour!
The howler monkey misses you.
You hear a shout!
You shoot a sling bullet.
The sling bullet hits the howler monkey.
The howler monkey is severely wounded.
The howler monkey hits you.
You shoot a sling bullet.
The sling bullet hits the howler monkey.
You kill the howler monkey!
No target in view!
You start resting.
HP restored.
You see here a +0 short sword.
You see here an adder corpse.
A centaur comes into view.
The centaur shouts!
The centaur wields a +0 shortbow.
The centaur shoots an arrow.
The arrow barely misses you.
You start waiting.
A centaur is nearby!
The centaur unwields a +0 shortbow.
The centaur hits you.
The centaur kicks you but does no damage.
You shoot a sling bullet.
The sling bullet hits the centaur but does no damage.
The centaur hits you but does no damage.
The centaur closely misses you. The centaur barely misses you. x2
You shoot a sling bullet.
The sling bullet hits the centaur but does no damage.
The centaur hits you but does no damage.
The centaur misses you. The centaur closely misses you.
The centaur kicks you but does no damage.
You shoot a sling bullet. The sling bullet hits the centaur.
The centaur is moderately wounded.
The centaur barely misses you.
The centaur kicks you but does no damage.
The centaur hits you. The centaur misses you.
You shoot a sling bullet. The sling bullet hits the centaur!
The centaur is heavily wounded.
The centaur hits you but does no damage.
The centaur kicks you but does no damage.
The centaur hits you but does no damage.
The centaur kicks you but does no damage.
You shoot a sling bullet. The sling bullet hits the centaur!
The centaur is almost dead.
The centaur hits you but does no damage.
The centaur misses you. The centaur completely misses you.
The centaur kicks you but does no damage.
You shoot a sling bullet.
The sling bullet barely misses the centaur.
The centaur barely misses you. The centaur closely misses you.
The centaur hits you.
The centaur kicks you but does no damage.
You shoot a sling bullet.
The sling bullet hits the centaur but does no damage.
The centaur is almost dead.
The centaur misses you.
The centaur kicks you but does no damage.
The centaur hits you. The centaur barely misses you.
You shoot a sling bullet.
The sling bullet barely misses the centaur.
The centaur hits you. The centaur completely misses you. The centaur hits you.
The centaur kicks you but does no damage.
You shoot a sling bullet. The sling bullet hits the centaur.
You kill the centaur!
Your Stealth skill increases to level 3!
You have reached level 6!
Your experience leads to a dramatic increase in your attributes!
Your base attributes are Str 11, Int 15, Dex 18.
Increase (S)trength, (I)ntelligence, or (D)exterity?
You feel agile. x4
You now have 188 gold pieces (gained 13).
Things that are here:
a +0 shortbow; a centaur corpse
t - a +0 shortbow Adjust to which letter? (? for menu, Esc to quit)
a - a +0 shortbow;
t - a +1 sling (weapon)
You are now empty-handed.
You drop a +1 sling.
You start resting.
Sigmund is nearby!
You start resting.
HP restored.
You see here an adder skeleton.
You see here a +0 short sword.
a - a +0 shortbow (weapon)
You pick up a Grand Grimoire and begin reading...
You add the spells Malign Gateway and Summon Horrible Things to your library.
You see here a +0 club.
There is a stone staircase leading up here.
There is a stone staircase leading down here.
You climb downwards.
There is a stone staircase leading up here.
You open the door.
There is an open door here.
A phantom comes into view.
You shoot an arrow.
The arrow hits the phantom but does no damage.
You shoot an arrow.
The arrow hits the phantom but does no damage.
You shoot an arrow. The arrow hits the phantom.
The phantom is moderately damaged.
You shoot an arrow. The arrow hits the phantom.
The phantom is moderately damaged.
The phantom hits you.
The phantom blinks!
You blink.
You shoot an arrow. The arrow hits the phantom.
The phantom is heavily damaged.
The phantom hits you.
The phantom blinks!
You blink.
You shoot an arrow. The arrow hits the phantom.
The phantom is heavily damaged.
The phantom hits you. The phantom closely misses you.
You shoot an arrow. The arrow hits the phantom.
The phantom is almost destroyed.
The phantom misses you.
You shoot an arrow. The arrow barely misses the phantom.
The phantom hits you.
You shoot an arrow. The arrow barely misses the phantom.
The phantom closely misses you. x2
You shoot an arrow. The arrow hits the phantom.
The phantom is almost destroyed.
The phantom hits you but does no damage.
You shoot an arrow. The arrow hits the phantom!
You destroy the phantom!
A black bear comes into view.
You shoot an arrow. The arrow barely misses the black bear.
The black bear growls angrily.
You shoot an arrow. The arrow hits the black bear!
The black bear is moderately wounded.
You shoot an arrow. The arrow hits the black bear!
The black bear is severely wounded.
You shoot an arrow.
The arrow hits the black bear but does no damage.
The black bear is severely wounded.
You shoot an arrow. The arrow hits the black bear!
You kill the black bear!
Your Ranged Weapons skill increases to level 5!
A hound comes into view.
You shoot an arrow. The hound barks!
The arrow hits the hound.
The hound is moderately wounded.
You hear a shout! x2
You shoot an arrow. The arrow misses the hound.
You shoot an arrow. The arrow hits the hound!
The hound is severely wounded.
You shoot an arrow.
The arrow hits the hound but does no damage.
The hound is severely wounded.
The hound bites you. The hound completely misses you.
You shoot an arrow. The arrow hits the hound.
The hound is severely wounded.
You hear a shout!
The hound bites you but does no damage. The hound bites you.
Fire: a) +0 shortbow
Press: ? - help, Q - select action, (/) - cycle Shift-Dir - straight line, f - orc priest, p - hound
Aim: an orc priest, wielding a +0 club (68% to hit)
Okay, then.
Unknown command.
Unknown command.
Fire: a) +0 shortbow
Press: ? - help, Q - select action, (/) - cycle Shift-Dir - straight line, f/p - hound
Aim: a hound (severely wounded, 60% to hit)
You shoot an arrow. The arrow closely misses the hound.
The hound bites you but does no damage.
The orc priest looks encouraged for a moment.
The hound barely misses you.
Fire: a) +0 shortbow
Press: ? - help, Q - select action, (/) - cycle Shift-Dir - straight line, f/p - hound
Aim: a hound (severely wounded, 60% to hit)
You shoot an arrow. The arrow misses the hound.
The hound bites you. The orc barely misses you. The hound closely misses you.
The orc misses you.
Fire: a) +0 shortbow
Press: ? - help, Q - select action, (/) - cycle Shift-Dir - straight line, p - hound You shoot an arrow.
The arrow barely misses the orc priest.
The arrow hits the orc priest.
The orc priest is lightly wounded.
The hound bites you but does no damage. The hound misses you.
The orc closely misses you. The orc priest misses you.
Fire: a) +0 shortbow
Press: ? - help, Q - select action, (/) - cycle Shift-Dir - straight line, f - orc priest
Aim: an orc priest, wielding a +0 club (lightly wounded, 68% to hit)
You shoot an arrow. The arrow hits the orc priest.
The orc priest is moderately wounded.
The hound closely misses you.
The orc priest looks braver for a moment.
The orc misses you. The orc priest misses you. The hound misses you.
Fire: a) +0 shortbow
Press: ? - help, Q - select action, (/) - cycle Shift-Dir - straight line, f/p - orc priest
Aim: an orc priest, wielding a +0 club (lightly wounded, 68% to hit)
You shoot an arrow. The arrow hits the orc priest!
The orc priest is severely wounded.
The hound bites you.
The orc priest calls down the wrath of Beogh upon you.
Beogh smites you! The orc hits you but does no damage. The hound bites you.
The orc priest hits you but does no damage.
The orc closely misses you.
The orc priest calls upon Beogh to heal the orc priest.
The orc priest is healed somewhat.
Fire: a) +0 shortbow
Press: ? - help, Q - select action, (/) - cycle Shift-Dir - straight line, f - orc priest, p - orc priest
Aim: an orc priest, wielding a +0 club (heavily wounded, 68% to hit)
You shoot an arrow.
The arrow closely misses the orc priest.
The hound closely misses you. The hound bites you.
The orc priest hits you with a +0 club.
* * * LOW HITPOINT WARNING * * *
The orc hits you with a +0 hand axe.
* * * LOW HITPOINT WARNING * * *
The orc priest barely misses you. The hound closely misses you.
It was a potion of curing.
You feel better. The orc priest hits you with a +0 club.
The orc priest hits you but does no damage.
The orc hits you with a +0 hand axe. The hound bites you.
It was a potion of mutation.
You feel extremely strange.
You feel stupid.
Your system partially rejects the healing effects of potions.
The hound bites you but does no damage. The orc priest barely misses you.
The orc hits you but does no damage.
The orc priest hits you but does no damage.
The hound barely misses you.
Unknown command.
It was a potion of haste.
You feel yourself speed up.
The orc priest mumbles some strange prayers to Beogh against you.
Pain shoots through your body!
* * * LOW HITPOINT WARNING * * *
The orc priest invokes the aid of Beogh against you.
Pain shoots through your body!
* * * LOW HITPOINT WARNING * * *
The orc hits you but does no damage. The hound bites you.
* * * LOW HITPOINT WARNING * * *
Unknown command.
It was a potion of flight.
You feel very buoyant.
You fly up into the air.
The orc priest closely misses you. The orc closely misses you.
The hound closely misses you. The orc priest hits you with a +0 club.
* * * LOW HITPOINT WARNING * * *
As you read the scroll labelled DAEGURCHA PEKOH, it crumbles to dust.
It is a scroll of amnesia.
Really abort (and waste the scroll)? [Y]es or [N]o only, please.
Really abort (and waste the scroll)?
Okay, then.
The hound barely misses you. The orc closely misses you.
The orc priest barely misses you. The orc priest hits you with a +0 club.
You die...

Skill      XL: |  1  2  3  4  5  6 |
---------------+-------------------+-----
Ranged Weapons | 2 3 4 5 |  5.1
Dodging        | 2 3 |  3.8
Stealth        | 1 2 3 |  3.4
Fighting       | |  0.8
Spellcasting   | |  1.0
Hexes          | |  2.6

Action                     |  1- 3 |  4- 6 || total
---------------------------+-------+-------++-------
   Fire: Sling             |   139 |   135 ||   274
         Shortbow          |       |    27 ||    27
    Use: Potion            |       |     4 ||     4
         Scroll            |       |     1 ||     1
 Armour: Robe              |     5 |     4 ||     9
         Ring mail         |       |    28 ||    28
  Dodge: Dodged            |    43 |    76 ||   119

Levels and vault maps discovered:
D:1:      dpeg_arrival_round_c, layout_basic
D:2:      layout_basic, amcnicky_mini_rare_corridor_liquid
D:3:      layout_loops_cross, lemuel_round_altar,
          dreamdust_ecumenical_altar_statues
D:4:      layout_loops_ring, patterned_corridor, uniq_sigmund, uniq_duvessa
D:5:      layout_gridville, dk_noncrumbling_2, minmay_ruined_shrine

Notes
Turn   | Place    | Note
-------+----------+-------------------------------------------
     0 | D:1      | scionoferis the Demigod Hexslinger began the quest for the
                  | Orb.
     0 | D:1      | Reached XP level 1. HP: 15/15 MP: 4/4
    62 | D:1      | Reached skill level 2 in Ranged Weapons
   162 | D:1      | Reached skill level 2 in Dodging
   187 | D:1      | Reached XP level 2. HP: 22/22 MP: 5/5
   305 | D:1      | Reached skill level 1 in Stealth
   512 | D:1      | Reached XP level 3. HP: 21/27 MP: 6/6
  1045 | D:2      | Reached skill level 3 in Ranged Weapons
  1750 | D:3      | Reached XP level 4. HP: 34/34 MP: 8/8
  2091 | D:3      | Reached skill level 2 in Stealth
  2412 | D:4      | Noticed Sigmund
  2471 | D:4      | Reached XP level 5. HP: 39/39 MP: 9/9
  2677 | D:4      | Reached skill level 4 in Ranged Weapons
  2677 | D:4      | Reached skill level 3 in Dodging
  2774 | D:4      | Noticed Duvessa
  2774 | D:4      | Noticed Dowan
  2817 | D:5      | Entered Level 5 of the Dungeon
  3291 | D:4      | Noticed a centaur
  3305 | D:4      | Killed a centaur
  3306 | D:4      | Reached skill level 3 in Stealth
  3306 | D:4      | Reached XP level 6. HP: 30/46 MP: 10/10
  3543 | D:5      | Reached skill level 5 in Ranged Weapons
  3563 | D:5      | Gained mutation: You are dopey. (Int -2) [potion of
                  | mutation]
  3563 | D:5      | Gained mutation: Potions are less effective at restoring
                  | your health. [potion of mutation]
  3565 | D:5      | HP: 2/46 [orc priest/+0 club (4)]
  3566 | D:5      | Slain by an orc priest

Vanquished Creatures
  A black bear (D:5)
  A centaur (D:4)
  A phantom (D:5)
  A scorpion (D:4)
  A howler monkey (D:4)
  A jelly (D:3)
  An iguana (D:4)
  An orc wizard (D:4)
  4 adders (D:2 D:3 D:4)
  2 worms (D:2 D:4)
  2 dart slugs (D:1 D:4)
  5 orcs (D:3 D:4)
  11 endoplasms (D:1 D:2 D:3)
  4 giant cockroaches (D:2 D:3 D:4)
  5 goblins (D:1 D:2 D:4)
  7 hobgoblins (D:1 D:2 D:4)
  7 jackals (D:1)
  6 quokkas (D:1 D:2 D:3 D:4)
  10 ball pythons (D:1 D:2 D:3 D:4)
  4 bats (D:1 D:2 D:3)
  4 frilled lizards (D:1 D:2 D:3)
  7 kobolds (D:1 D:2 D:3 D:4)
  5 rats (D:2 D:3)
91 creatures vanquished.

Table legend: (Time is in decaauts)
 A = Elapsed time spent in this place.
 B = Non-inter-level travel time spent in this place.
 C = Inter-level travel time spent in this place.
 D = Time resting spent in this place.
 E = Time spent auto-exploring this place.
 F = Levels seen in this place.
 G = Mean time per level.
                   A        B        C        D        E       F      G
               +--------+--------+--------+--------+--------+-----+--------+
         Total |   3644 |   3459 |    185 |    169 |   2607 |   5 |  728.8 |
       Dungeon |   3644 |   3459 |    185 |    169 |   2607 |   5 |  728.8 |
               +--------+--------+--------+--------+--------+-----+--------+

Top non-repeatable levels by time:
     D:4: 986 daAuts
     D:1: 961 daAuts
     D:2: 824 daAuts
     D:3: 715 daAuts
     D:5: 157 daAuts

Table legend:
 A = Non-vault XP
 B = Vault XP
 C = Vault XP percentage of total XP
 D = Non-vault monster count
 E = Vault monster count
 F = Vault count percentage of total count
                 A         B        C        D         E       F
            +---------+---------+-------+---------+---------+-------
      Total |     791 |       0 |   0.0 |      91 |       0 |   0.0
            +---------+---------+-------+---------+---------+-------
        D:1 |      56 |       0 |   0.0 |      30 |       0 |   0.0
        D:2 |      58 |       0 |   0.0 |      20 |       0 |   0.0
        D:3 |      85 |       0 |   0.0 |      19 |       0 |   0.0
        D:4 |     365 |       0 |   0.0 |      20 |       0 |   0.0
        D:5 |     227 |       0 |   0.0 |       2 |       0 |   0.0
            +---------+---------+-------+---------+---------+-------
